 Dungeon Crawl Stone Soup version 0.29.1-1-gd02db69 (webtiles) character file.

Game seed: 16521438606368118999

273 Durgen the Conjurer (level 5, -6/39 (40) HPs)
             Began as a Demigod Conjurer on Mar 7, 2023.
             Mangled by an ogre
             ... wielding the +2 great mace of Feral Resourcefulness {vorpal, rN+ Str+6}
              (14 damage)
             ... on level 3 of the Dungeon.
             The game lasted 00:31:50 (4096 turns).

Durgen the Conjurer (Demigod Conjurer)              Turns: 4096, Time: 00:31:51

HP:   -6/39 (40)    AC:  8    Str:  8    XL:     5   Next: 71%
MP:   6/12          EV: 12    Int: 24    God:
Gold: 181           SH:  0    Dex: 12    Spells: 5/9 levels left

rFire   . . .      SeeInvis .   H - +0 scythe
rCold   . . .      Faith    .   (shield currently unavailable)
rNeg    . . .      Spirit   .   I - +2 robe {Will+}
rPois   .          Reflect  .   (no helmet)
rElec   .          Harm     .   (no cloak)
rCorr   .          Rampage  .   l - +2 pair of gloves
Will    +....                   F - +0 pair of boots
Stlth   ++........              C - amulet of regeneration
HPRegen 0.93/turn               (no ring)
MPRegen 0.13/turn               (no ring)

@: lightly drained
A: high MP 1, forlorn, divine attributes
a: no special abilities


You were on level 3 of the Dungeon.
You visited 1 branch of the dungeon, and saw 3 of its levels.

You collected 181 gold pieces.

Inventory:

Hand Weapons
 i - a +0 hand axe
 j - a +0 short sword
 k - a +1 hand axe
 n - a +0 dagger
 o - a +0 dagger
 w - a +0 dagger
 x - a +0 whip
 H - a +0 scythe (weapon)
 J - a +0 rapier
 M - a +0 dagger
 N - a +0 dagger
 Q - a +0 hand axe
 R - a +0 dagger
 U - a +0 dagger
 Z - a +0 spear
Missiles
 f - 5 poisoned darts (quivered)
 g - 25 stones
Armour
 a - a +0 robe
 h - a +0 robe
 l - a +2 pair of gloves (worn)
 t - a +0 chain mail
 u - a +0 ring mail
 y - a +0 leather armour
 D - a +0 chain mail
 F - a +0 pair of boots (worn)
 G - a +0 robe
 I - a +2 robe of willpower (worn)
 S - a +1 barding
 T - a +0 leather armour
 V - a +0 robe
 W - a +0 robe
 Y - a +0 ring mail
Jewellery
 C - an amulet of regeneration (around neck)
Scrolls
 c - a scroll of vulnerability {unknown}
 q - 2 scrolls of identify {unknown}
 s - a scroll of silence {unknown}
 v - 3 scrolls of teleportation {unknown}
 z - a scroll of fear {unknown}
 K - a scroll of enchant weapon
 O - a scroll of summoning {unknown}
 X - a scroll of amnesia {unknown}
Potions
 b - 2 potions of magic
 d - a potion of degeneration {unknown}
 e - 2 potions of attraction {unknown}
 m - a potion of brilliance
 p - a potion of heal wounds {unknown}
 r - 2 potions of haste {unknown}
 A - a potion of ambrosia {unknown}
 B - 2 potions of curing {unknown}


   Skills:
 + Level 1.1 Fighting
 + Level 1.2 Axes
 + Level 0.1 Throwing
 + Level 2.0 Armour
 + Level 2.1 Dodging
 + Level 2.2 Stealth
 + Level 2.9 Spellcasting
 + Level 4.8 Conjurations


You had 5 spell levels left.
You knew the following spells:

 Your Spells              Type           Power      Damage    Failure   Level
a - Magic Dart            Conj           100%       1d8       1%          1
b - Searing Ray           Conj           52%        2d6       2%          2
c - Foxfire               Conj/Fire      60%        2x1d7     4%          1

Your spell library contained the following spells:

 Spells                   Type           Power      Damage    Failure   Level
 Sting                    Tmut/Pois      12%        1d3       11%         1
 Conjure Flame            Conj/Fire      15%        6-21      12%         3
 Dazzling Flash           Conj/Hex       30%        N/A       12%         3
 Poisonous Vapours        Pois/Air       6%         N/A       17%         2
 Inner Flame              Hex/Fire       3%         N/A       32%         3
 Flame Wave               Conj/Fire      15%        2d7       38%         4
 Fulminant Prism          Conj/Hex       7%         3d7       38%         4
 Iskenderun's Mystic Bla  Conj/Tloc      15%        2d5       38%         4
 Olgreb's Toxic Radiance  Pois           3%         N/A       73%         4


Dungeon Overview and Level Annotations

Branches:
Dungeon (3/15)

Shops:
D:2 [   D:3 =

Annotations:
D:3 1 transporter, geeeeen's ghost, amateur BaIE


Innate Abilities, Weirdness & Mutations

You have an increased reservoir of magic. (+10% MP)
You shall have no god before yourself.
Your divine heritage dramatically boosts your attributes as you level up.


Message History

Geeeeen's ghost is lightly damaged. (Press . to maintain the ray.)
The searing ray hits the ogre!
The ogre is moderately wounded.
The searing ray hits geeeeen's ghost!
Geeeeen's ghost is moderately damaged.
The searing ray hits the ogre!
The ogre is heavily wounded.
The searing ray hits geeeeen's ghost.
Geeeeen's ghost is moderately damaged.
The searing ray hits the ogre!
The ogre is almost dead.
The searing ray hits geeeeen's ghost.
Geeeeen's ghost is moderately damaged.
You finish channelling your searing ray.
The ogre hits you with the +2 great mace of Feral Resourcefulness {vorpal, rN+ Str+6}!
Unknown command.
Casting: Searing Ray (safe; 2% risk of failure)
Confirm with . or Enter, or press ? or * to list all spells.
Aiming: Magic Dart (safe; 1% risk of failure)
Press: ? - help, Shift-Dir - straight line, f - ogre, p - geeeeen's ghost
Aim: an ogre, wielding the +2 great mace of Feral Resourcefulness {vorpal, rN+ Str+6} (almost dead, 100% to hit)
The magic dart hits the ogre.
The ogre is almost dead.
Geeeeen's ghost hits you but does no damage.
Casting: Magic Dart (safe; 1% risk of failure)
Confirm with . or Enter, or press ? or * to list all spells.
Aiming: Magic Dart (safe; 1% risk of failure)
Press: ? - help, Shift-Dir - straight line, f/p - ogre
Aim: an ogre, wielding the +2 great mace of Feral Resourcefulness {vorpal, rN+ Str+6} (almost dead, 100% to hit)
The magic dart hits the ogre.
The ogre is almost dead.
The ogre hits you with the +2 great mace of Feral Resourcefulness {vorpal, rN+ Str+6}!
* * * LOW HITPOINT WARNING * * *
Geeeeen's ghost hits you.
* * * LOW HITPOINT WARNING * * *
You barely miss the ogre.
The ogre is almost dead.
The ogre hits you with the +2 great mace of Feral Resourcefulness {vorpal, rN+ Str+6}!
You die...

......## #.# #....#
####...######### #.. #.##.#
...............########...#
####..)#######.#©.....#...#
##.## #.#..##..#...# #.#
#.#.#..#.#...# #.#
#.#.#..#.#...# #####.#
#.#.W##..#©..# ##....#
#.#@O..."#...# ##.####
#.#..##.$#©.## ##.#
###.#..#.#..# ##.#
#.#..#.#..# #.# #..##..#..#
#.# #.....$#..# ##.##
#########..# #...##### #..#
##.#### ..#.....#######..#
#..#


You could see an ogre and geeeeen's ghost.

Vanquished Creatures
  Sigmund (D:2)
  Terence (D:1)
  2 adders
  A worm (D:2)
  3 dart slugs (D:1)
  4 orcs (D:3)
  4 endoplasms
  3 giant cockroaches
  8 goblins
  2 hobgoblins
  3 jackals (D:1)
  4 quokkas
  11 ball pythons
  2 bats (D:2)
  4 kobolds
  3 rats (D:1)
  A spectral orc (D:3)
57 creatures vanquished.

Vanquished Creatures (others)
  2 foxfires (D:2)
2 creatures vanquished.

Grand Total: 59 creatures vanquished

Notes
Turn   | Place    | Note
-------+----------+-------------------------------------------
     0 | D:1      | Durgen the Demigod Conjurer began the quest for the Orb.
     0 | D:1      | Reached XP level 1. HP: 14/14 MP: 5/5
   517 | D:1      | Reached XP level 2. HP: 12/20 MP: 0/7
   789 | D:1      | Reached skill level 4 in Conjurations
  1812 | D:2      | Reached XP level 3. HP: 25/26 MP: 0/8
  1964 | D:2      | Noticed Terence
  2100 | D:1      | Killed Terence
  2184 | D:2      | Noticed Sigmund
  2241 | D:1      | Learned a level 2 spell: Searing Ray
  2243 | D:1      | Learned a level 1 spell: Foxfire
  2278 | D:2      | Killed Sigmund
  2279 | D:2      | Reached skill level 1 in Fighting
  2279 | D:2      | Reached skill level 1 in Axes
  2279 | D:2      | Reached skill level 1 in Armour
  2279 | D:2      | Reached XP level 4. HP: 35/35 MP: 0/11
  2279 | D:2      | Reached XP level 5. HP: 40/40 MP: 0/12
  2721 | D:2      | Found Usof's Armour Shop.
  3075 | D:3      | Found Raesham's Jewellery Boutique.
  3810 | D:3      | Found a transporter.
  4064 | D:3      | Identified the +2 great mace of Feral Resourcefulness
                  | {vorpal, rN+ Str+6}
  4064 | D:3      | Noticed an ogre
  4064 | D:3      | Noticed geeeeen's ghost (amateur BaIE)
  4081 | D:3      | Found a transporter.
  4096 | D:3      | Mangled by an ogre

Illustrated notes

Levels and vault maps discovered:
D:1:      dpeg_arrival_brainrot, layout_basic,
          nicolae_concentric_dashed_squares_mild, minmay_hexomino_c4
D:2:      layout_loops_ring, nicolae_ecumenical_snake_handling, serial_shops,
          nicolae_shop_waterfront, uniq_terence, uniq_sigmund
D:3:      layout_loops_ring, nicolae_wu_jian_immortal_techniques,
          yredelemnul_forgotten_temple_becter, serial_shops, shop_fountains,
          gammafunk_ghost_smash, minmay_hedge_maze

Skill      XL: |  1  2  3  4  5 |
---------------+----------------+-----
Conjurations   | 4 |  4.8
Dodging        | 2 |  2.1
Spellcasting   | 2 |  2.9
Stealth        | 2 |  2.2
Fighting       | 1 |  1.1
Axes           | 1 |  1.2
Armour         | 1 2 |  2.0
Throwing       | |  0.1

Action                   |  1- 3 |  4- 6 || total
-------------------------+-------+-------++-------
Melee: Club              |    12 |       ||    12
       Unarmed           |     4 |       ||     4
       Punch             |     1 |       ||     1
       Hand axe          |    71 |       ||    71
       Halberd           |       |    48 ||    48
Throw: Dart              |     2 |       ||     2
 Cast: Magic Dart        |    35 |    18 ||    53
       Searing Ray       |     3 |     7 ||    10
       Foxfire           |       |     2 ||     2
  Use: Scroll            |     1 |       ||     1
       Potion            |     1 |       ||     1
 Stab: Sleeping          |     1 |       ||     1
Armor: Robe              |     7 |    19 ||    26
       Chain mail        |    75 |       ||    75
Dodge: Dodged            |    52 |    19 ||    71
